 Dungeon Crawl Stone Soup version 0.28-a0-474-g535839065c (webtiles) character file.

Game seed: 5285709842298680332

7 meatgazer the Skirmisher (level 1, -1/19 HPs)
             Began as a Draconian Abyssal Knight on Sept 15, 2021.
             Was an Initiate of Lugonu.
             Slain by an orc priest (2 damage)
             ... on level 3 of the Dungeon.
             The game lasted 00:00:29 (237 turns).

meatgazer the Skirmisher (Draconian Abyssal Knight)  Turns: 237, Time: 00:00:30

Health: -1/19      AC:  4    Str: 14    XL:     1   Next: 83%
Magic:  2/2        EV: 12    Int: 12    God:    Lugonu [......]
Gold:   0          SH:  0    Dex: 10    Spells: 0/0 levels left

rFire   . . .      SeeInvis .   a - +1 spear
rCold   . . .      Faith    .   (no shield)
rNeg    . . .      Spirit   .   (armour unavailable)
rPois   .          Reflect  .   (helmet restricted)
rElec   .          Harm     .   (no cloak)
rCorr   .          Rampage  .   (no gloves)
Will    .....                   (no boots)
Stlth   +.........              (no amulet)
HPRegen 0.06/turn               (no ring)
MPRegen 0.08/turn               (no ring)

@: no status effects
A: AC +4, unfitting armour, cold-blooded
a: Renounce Religion


You were on level 3 of the Dungeon.
You worshipped Lugonu.
Lugonu was noncommittal.
You visited 1 branch of the dungeon, and saw 3 of its levels.
You visited the Abyss 1 time.

Inventory:

Hand Weapons
 a - a +1 spear (weapon)
Potions
 b - a potion of degeneration {unknown}


   Skills:
 + Level 3.6 Fighting
 + Level 2.0 Polearms
 + Level 2.2 Dodging
 + Level 2.0 Invocations


You couldn't memorise any spells.
You didn't know any spells.
Your spell library contained the following spells:

 Spells                   Type           Power      Damage    Failure   Level
 Freeze                   Ice            0%         1d3       32%         1
 Frozen Ramparts          Ice            0%         1d2       69%         3
 Hailstorm                Conj/Ice       0%         3d3       97%         4


Dungeon Overview and Level Annotations

Branches:
Dungeon (3/15)

Altars:


Innate Abilities, Weirdness & Mutations

Your plain brown scales are hard. (AC +4)
You cannot fit into any form of body armour.
You are cold-blooded and may be slowed by cold attacks.


Message History

You are confused.
You are too injured to fight recklessly!
You are too injured to fight recklessly!
You are too injured to fight recklessly!
You are too injured to fight recklessly!
You are too injured to fight recklessly!
You are too injured to fight recklessly!
You are too injured to fight recklessly!
You are too injured to fight recklessly!
You are too injured to fight recklessly!
You are too injured to fight recklessly!
You are too injured to fight recklessly!
You are too injured to fight recklessly!
You are too injured to fight recklessly!
You are too injured to fight recklessly!
You are too injured to fight recklessly!
You are too injured to fight recklessly!
You are too injured to fight recklessly!
You are too injured to fight recklessly!
The orc priest begins to cast a cantrip, but forgets the words!
You miss something. The orc closely misses you.
You hear some strange, mumbled words.
A puff of flame appears from out of thin air!
The puff of flame hits you. The orc hits you but does no damage.
The ball python bites you but does no damage.
The ball python closely misses you.
You hit the orc priest.
The orc priest is moderately wounded.
You feel less confused. The orc hits you with a +0 dagger.
* * * LOW HITPOINT WARNING * * *
Something hits you.
* * * LOW HITPOINT WARNING * * *
The orc priest hits you with a +0 short sword.
* * * LOW HITPOINT WARNING * * *
The ball python bites you but does no damage.
The ball python misses you.
The orc priest hits you with a +0 short sword.
You die...

#.# .#
#.# .#
#.# .#
##.##.#
#...#.# #
##.#....#
##
#.##..#.#
.#
##.#o..##
## #@o.##
# ##S†#
#..# #..#
#..# #..#
#..# #..#


You could see an orc priest, an orc and a ball python.

Vanquished Creatures
  A dart slug (D:3)
  A hobgoblin (D:3)
  A kobold (D:3)
  2 rats (D:3)
5 creatures vanquished.

Notes
Turn   | Place    | Note
-------+----------+-------------------------------------------
     0 | Abyss:1  | meatgazer the Draconian Abyssal Knight began the quest for
                  | the Orb.
     0 | Abyss:1  | Reached XP level 1. HP: 19/19 MP: 2/2
     6 | D:1      | Escaped the Abyss
   222 | D:3      | Noticed an orc priest
   223 | D:3      | Noticed an orc wizard
   237 | D:3      | Slain by an orc priest

Illustrated notes

Levels and vault maps discovered:
D:1:      lightli_molten_gateway, layout_loops_corners
D:2:      minmay_roachtagon, layout_loops_ring, uniq_crazy_yiuf_cottage
D:3:      layout_loops_ring, serial_shops, nicolae_square_shop

Action                   || total
-------------------------++-------
Melee: Spear             ||    21
       Tailslap          ||     1
Invok: Depart the Abyss  ||     1
Armor: Skin              ||     8
Dodge: Dodged            ||     8

Table legend: (Time is in decaauts)
 A = Elapsed time spent in this place.
 B = Non-inter-level travel time spent in this place.
 C = Inter-level travel time spent in this place.
 D = Time resting spent in this place.
 E = Time spent auto-exploring this place.
 F = Levels seen in this place.
 G = Mean time per level.
                   A        B        C        D        E       F      G
               +--------+--------+--------+--------+--------+-----+--------+
         Total |    236 |    236 |      0 |      0 |    184 |   4 |   59.0 |
       Dungeon |    230 |    230 |      0 |      0 |    179 |   3 |   76.7 |
         Abyss |      6 |      6 |      0 |      0 |      5 |   1 |    6.0 |
               +--------+--------+--------+--------+--------+-----+--------+

Top non-repeatable levels by time:
     D:3: 223 daAuts
 Abyss:1: 6 daAuts
     D:2: 3 daAuts
     D:1: 2 daAuts
